AoeStats
← Malik Bhai

Golden Pit

510012026Analyzed
1v1 RM · 3d ago on Sep 29, 2026· 38m 34s· 2 players
Game mode
Random Map
Map size
Tiny (2 player)
Population
200
Speed
Normal
Resources
Standard
Victory
Conquest
Starting age
Dark Age
Ending age
Imperial Age
RankedLock teamsTeams togetherTeam positionsShared explorationLock speedFull tech treeHidden civsTurbo modeCheats
Victory
Defeat
🇵🇰 Khitans · Pakistan
1639
+11
🇺🇸 Saxons · United States
1517
-11
Malik Bhai
6:14 Loom
8:49 Feudal Age
10:31 Double-Bit Axe
10:26 Domestication
14:14 Forging
21:58 Castle Age
20:54 Scale Barding Armor
21:29 Fletching
22:02 Light Cavalry
23:28 Iron Casting
24:19 Coinage
24:12 Chain Barding Armor
24:22 Bow Saw
25:59 Bodkin Arrow
27:15 Crossbowman
37:46 Imperial Age
36:37 Wheelbarrow
37:01 Pastoralism
38:38 Bracer
bcraft777
2:43 Loom
9:41 Feudal Age
12:50 Double-Bit Axe
16:59 Wheelbarrow
16:42 Scale Mail Armor
20:23 Town Watch
20:48 Fletching
29:27 Castle Age
27:37 Horse Collar
28:52 Stone Mining
33:33 Chain Mail Armor
Connection lost

Rejoining the realm…

Still unreachable

The connection could not be restored.

Session expired

The server has moved on; the page needs a fresh start.